 Dungeon Crawl Stone Soup version 0.27.0-1-g7a089689b8 (webtiles) character file.

Game seed: 5435625049072354187

11374 ZARRMARR the Cleaver (level 11, -12/95 HPs)
             Began as a Hill Orc Monk on Aug 17, 2021.
             Mangled by a sun demon (13 damage)
             ... summoned by a kobold demonologist
             ... on level 10 of the Dungeon.
             The game lasted 01:07:41 (10796 turns).

ZARRMARR the Cleaver (Hill Orc Monk)               Turns: 10796, Time: 01:07:41

Health: -12/95     AC:  6    Str: 24    XL:     11   Next: 76%
Magic:  15/15      EV: 14    Int: 10    God:
Gold:   473        SH:  5    Dex: 19    Spells: 13/18 levels left

rFire    . . .     SeeInvis .   s - +9 hand axe "Amme" {speed, Will- Str+6}
rCold    . . .     Faith    .   l - +0 buckler
rNeg     + . .     Spirit   .   b - +0 robe
rPois    .         Reflect  .   g - +0 helmet
rElec    .         Harm     .   u - +0 cloak
rCorr    .         Rampage  .   (no gloves)
Will     .....                  e - +0 pair of boots
Stlth    +++.......             m - amulet of regeneration
HPRegen  1.25/turn              M - +6 ring of dexterity
MPRegen  0.14/turn              f - ring of positive energy

@: no status effects
A: low mp 1, shaggy fur 1
a: no special abilities


You were on level 10 of the Dungeon.
You visited 3 branches of the dungeon, and saw 12 of its levels.
You also visited: Sewer.

You collected 473 gold pieces.

Inventory:

Hand Weapons
 s - the +9 hand axe "Amme" (weapon) {speed, Will- Str+6}
   (You found it on level 4 of the Dungeon)

   Attacks with this weapon are significantly faster.
   Str:       It affects your strength (+6).
   Will:      It decreases your willpower.
 H - the +3 mace "Zysiyt" {vorpal, rPois Dex+2}
   (You found it on level 7 of the Dungeon)

   It inflicts extra damage upon your enemies.
   Dex:       It affects your dexterity (+2).
   rPois:     It protects you from poison.
Missiles
 h - 189 stones (quivered)
 F - 11 poisoned darts
Armour
 b - a +0 robe (worn)
 e - a +0 pair of boots (worn)
 g - a +0 helmet (worn)
 l - a +0 buckler (worn)
 u - a +0 cloak (worn)
Magical Staves
 E - a staff of fire
Jewellery
 f - a ring of positive energy (right hand)
 k - a ring of protection from cold
 m - an amulet of regeneration (around neck)
 M - a +6 ring of dexterity (left hand)
 Q - a ring of poison resistance
Wands
 j - a wand of digging (5)
 p - a wand of mindburst (21)
 t - a wand of iceblast (6)
 G - a wand of charming (19)
 N - a wand of acid (20)
Scrolls
 a - 3 scrolls of teleportation
 c - a scroll of immolation
 i - 3 scrolls of amnesia
 q - 3 scrolls of magic mapping
 r - a scroll of enchant armour
 x - a scroll of enchant weapon
 y - 3 scrolls of noise
 A - a scroll of holy word
 B - a scroll of torment
 K - a scroll of blinking {unknown}
 L - a scroll of summoning
 O - a scroll of fog {unknown}
 R - a scroll of identify
Potions
 d - 2 potions of resistance
 n - 2 potions of attraction {unknown}
 o - 3 potions of mutation
 v - 2 potions of brilliance
 w - a potion of lignification {unknown}
 z - a potion of magic {unknown}
 C - a potion of curing {unknown}
 D - 3 potions of invisibility {unknown}
 I - a potion of haste
 J - 2 potions of cancellation {unknown}
 P - a potion of flight {unknown}


   Skills:
 + Level 8.4 Fighting
 + Level 10.7 Axes
 + Level 7.0 Throwing
 + Level 5.2 Dodging
 + Level 2.9 Stealth
 + Level 2.0 Shields
 * Level 4.0 Spellcasting
 * Level 6.3 Conjurations
 * Level 6.6 Fire Magic
 * Level 4.9 Earth Magic


You had 13 spell levels left.
You knew the following spells:

 Your Spells              Type           Power      Damage    Failure   Level
a - Bolt of Magma         Conj/Fire/Erth 6%         4d6       61%         5

Your spell library contained the following spells:

 Spells                   Type           Power      Damage    Failure   Level
 Animate Skeleton         Necr           4%         N/A       32%         1
 Apportation              Tloc           4%         N/A       32%         1
 Corona                   Hex            2%         N/A       32%         1
 Pain                     Necr           8%         1d4       32%         1
 Summon Small Mammal      Summ           8%         N/A       32%         1
 Ignite Poison            Fire/Tmut/Pois 6%         N/A       36%         3
 Mephitic Cloud           Conj/Pois/Air  6%         N/A       38%         3
 Slow                     Hex            2%         N/A       43%         2
 Confusing Touch          Hex            2%         N/A       67%         3
 Gell's Gravitas          Tloc           1%         N/A       67%         3
 Teleport Other           Tloc           2%         N/A       67%         3
 Vampiric Draining        Necr           1%         2d6       67%         3
 Petrify                  Tmut/Erth      7%         N/A       75%         4
 Metabolic Englaciation   Hex/Ice        1%         N/A       100%        5
 Yara's Violent Unravell  Hex/Tmut       1%         3d3       100%        5
 Dispersal                Tloc           1%         N/A       100%        6
 Statue Form              Tmut/Erth      4%         N/A       100%        6


Dungeon Overview and Level Annotations

Branches:
Dungeon (10/15)            Temple (1/1) D:6            Lair (1/6) D:8
  Sewer (visited)
    Orc: D:9-12

Altars:
Ashenzari
Cheibriados
Dithmenos
Elyvilon
Fedhas
Gozag
Hepliaklqana
Kikubaaqudgha
Makhleb
Nemelex Xobeh
Okawaru
Qazlal
Ru
Sif Muna
Trog
Uskayaw
Vehumet
Wu Jian
Xom
Yredelemnul
Zin
The Shining One

Annotations:
D:10 Snorg
Lair:1 Urug


Innate Abilities, Weirdness & Mutations

Your magical capacity is low. (-10% MP)
You are covered in fur. (AC +1)


Message History

The sun demon is frozen!
The sun demon is lightly wounded.
The iceblast engulfs you!
You hear a shout!
The sun demon hits you but does no damage.
You barely miss the sun demon.
The sun demon is lightly wounded.
You closely miss the kobold demonologist.
The kobold demonologist hits you with a +0 dagger.
You closely miss the sun demon.
The sun demon is lightly wounded.
You hit the kobold demonologist. The sun demon hits you!!
You are engulfed in flames!
You hit the sun demon but do no damage.
The sun demon is lightly wounded.
You hit the kobold demonologist.
The kobold demonologist gestures wildly while chanting.
You barely miss the sun demon.
The sun demon is lightly wounded.
You closely miss the kobold demonologist.
The sun demon hits you.
You are engulfed in flames!
You slash the sun demon!
The sun demon is moderately wounded.
You hit the kobold demonologist. You block the sun demon's attack.
The red devil misses you. The kobold demonologist misses you.
You hit the sun demon.
The sun demon is moderately wounded.
You slash the kobold demonologist! You barely miss the sun demon.
The sun demon is moderately wounded.
You slash the kobold demonologist! You block the sun demon's attack.
The red devil hits you from afar with a +0 trident!!
* * * LOW HITPOINT WARNING * * *
The kobold demonologist hits you but does no damage.
It was a potion of mutation.
You feel extremely strange.
You feel less energetic. Fur sprouts all over your body.
The sun demon hits you!
* * * LOW HITPOINT WARNING * * *
You are engulfed in flames!
You die...

##.............. ...............
.#............. ................
.#............. ...........#####
............# .######..<.#....
...#.#......# .# #....#....
.....#......# .# #....#....
.#...#......# 4# #....#....
#....####...#####K# #....#....
.##'##.⌠#.......@3######....#....
........#...................'....
.......#####................#....
.......#.....######.........#....
..._...+..........#.........+.>..
.......#...#..#...#.........+....
.......#####..#...#.........#....
........#.....#...+.........#....
.##'#..⌠#.....#...#.........'....


You could see a sun demon (summoned), a kobold demonologist and a red devil
(summoned).

Vanquished Creatures
  A two-headed ogre (D:10)
  A rust devil (D:10)
  2 cane toads (Lair:1)
  3 komodo dragons
  A troll (D:9)
  Grinder (D:5)
  17 yaks
  Sigmund (D:6)
  2 wraiths
  Grum (D:9)
  4 vampire mosquitoes (D:10)
  Duvessa (D:4)
  2 water moccasins
  3 sky beasts
  4 orc warriors
  2 necrophages
  8 wolves
  4 ogres
  6 centaurs
  2 phantoms
  A kobold brigand (D:10)
  3 bullfrogs
  4 scorpions
  Dowan (D:4)
  A wyvern skeleton (D:6)
  6 killer bees (D:9)
  2 howler monkeys
  11 wights
  4 electric eels (D:7)
  A lava snake (D:9)
  3 centaur zombies
  A centaur skeleton (D:5)
  A hound (D:6)
  A bullfrog skeleton (D:6)
  3 jellies
  5 orc priests
  Crazy Yiuf (D:7)
  2 iguanas (D:6)
  3 orc wizards
  3 howler monkey zombies (D:9)
  Robin (D:3)
  4 gnolls (D:2)
  A howler monkey skeleton (D:5)
  8 adders
  A shadow imp (D:6)
  2 white imps
  An ufetubus (D:6)
  A dart slug (D:2)
  15 orcs
  5 ball pythons
  3 bats
  10 endoplasms
  4 giant cockroaches
  17 goblins
  3 hobgoblins
  5 jackals
  2 quokkas
  A frilled lizard (D:2)
  14 kobolds
  6 rats
227 creatures vanquished.

Vanquished Creatures (others)
  18 fungi
  59 plants
77 creatures vanquished.

Grand Total: 304 creatures vanquished

Notes
Turn   | Place    | Note
-------+----------+-------------------------------------------
     0 | D:1      | ZARRMARR the Hill Orc Monk began the quest for the Orb.
     0 | D:1      | Reached XP level 1. HP: 19/19 MP: 1/1
   158 | D:1      | Found a faded altar of an unknown god.
   381 | D:1      | Reached XP level 2. HP: 27/27 MP: 2/2
  1230 | D:1      | Reached XP level 3. HP: 31/33 MP: 3/3
  1792 | D:2      | Noticed a phantom
  1832 | D:2      | Reached skill level 5 in Axes
  1837 | D:2      | Reached XP level 4. HP: 29/41 MP: 4/4
  1941 | D:2      | Killed a phantom
  1942 | D:2      | Reached skill level 6 in Axes
  1942 | D:2      | Reached skill level 1 in Throwing
  1942 | D:2      | Reached XP level 5. HP: 12/47 MP: 5/5
  2141 | D:2      | Reached skill level 5 in Fighting
  2208 | D:2      | Reached XP level 6. HP: 10/56 MP: 6/6
  2495 | D:3      | Noticed Robin
  2510 | D:3      | Killed Robin
  2518 | D:3      | HP: 2/56 [howler monkey (2)]
  3385 | D:4      | Identified the +9 hand axe "Amme" {speed, Will- Str+6}
  3484 | D:4      | Noticed a necrophage
  3488 | D:4      | Killed a necrophage
  3489 | D:4      | Reached skill level 7 in Axes
  3489 | D:4      | Reached XP level 7. HP: 54/62 MP: 7/7
  3553 | D:4      | Learned a level 5 spell: Bolt of Magma
  3871 | D:4      | Noticed Dowan
  3872 | D:4      | Noticed Duvessa
  3883 | D:4      | Killed Duvessa
  3884 | D:4      | Reached skill level 1 in Fire Magic
  3889 | D:4      | Killed Dowan
  3890 | D:4      | Reached skill level 1 in Conjurations
  3890 | D:4      | Reached skill level 1 in Earth Magic
  4302 | D:5      | Entered Level 5 of the Dungeon
  4306 | D:5      | Reached XP level 8. HP: 70/70 MP: 9/9
  4342 | D:5      | Reached skill level 1 in Spellcasting
  4446 | D:5      | Noticed Grinder
  4455 | D:5      | Killed Grinder
  4456 | D:5      | Reached skill level 8 in Axes
  4580 | D:5      | Found a glowing drain.
  4585 | Sewer    | Entered a sewer
  5460 | D:6      | Found a hazy altar of Hepliaklqana.
  5499 | D:6      | Reached XP level 9. HP: 77/77 MP: 11/11
  5662 | D:6      | Reached skill level 1 in Shields
  5729 | D:6      | Noticed Sigmund
  6175 | D:7      | Reached skill level 9 in Axes
  6469 | D:7      | Identified the +3 mace "Zysiyt" {vorpal, rPois Dex+2}
  6472 | D:7      | Found a runed translucent door.
  6473 | D:7      | Noticed Crazy Yiuf
  7190 | D:6      | Reached skill level 5 in Throwing
  7218 | D:6      | Found a staircase to the Ecumenical Temple.
  7227 | Temple   | Entered the Ecumenical Temple
  7473 | D:6      | Killed Sigmund
  7490 | D:6      | Found a glowing golden altar of the Shining One.
  7527 | D:6      | Reached XP level 10. HP: 84/84 MP: 14/14
  7970 | D:8      | Found a bloodstained altar of Trog.
  8077 | D:8      | Found a staircase to the Lair.
  8210 | D:8      | Reached skill level 5 in Fire Magic
  8455 | D:7      | Killed Crazy Yiuf
  8682 | D:9      | Reached skill level 5 in Conjurations
  8815 | D:9      | Reached XP level 11. HP: 54/92 MP: 16/16
  8822 | D:9      | Reached skill level 10 in Axes
  9081 | D:9      | Reached skill level 5 in Dodging
  9120 | D:9      | Found a hide-covered altar of Uskayaw.
  9257 | D:9      | Noticed Grum
  9276 | D:9      | Killed Grum
  9425 | Lair:1   | Entered Level 1 of the Lair of Beasts
  9794 | Lair:1   | Noticed Urug
  9896 | D:10     | Entered Level 10 of the Dungeon
  9953 | D:10     | Noticed a two-headed ogre
  9964 | D:10     | Killed a two-headed ogre
 10083 | D:10     | Noticed Snorg
 10084 | D:10     | Found a broken altar of Ashenzari.
 10463 | D:10     | Found a burning altar of Makhleb.
 10788 | D:10     | Noticed a sun demon
 10796 | D:10     | Gained mutation: Your magical capacity is low. (-10% MP)
                  | [potion of mutation]
 10796 | D:10     | Gained mutation: You are covered in fur. (AC +1) [potion of
                  | mutation]
 10796 | D:10     | HP: 1/95 [sun demon[a kobold demonologist] (13)]
 10796 | D:10     | Mangled by a sun demon

Illustrated notes

Levels and vault maps discovered:
D:1:      dpeg_arrival_rooms_a, layout_loops_cross, basic_ecumenical_altar,
          hangedman_glass_teeth, chequers_arboretum, minivault_27
D:2:      layout_rooms
D:3:      layout_basic, minmay_misc_feat_square, uniq_robin
D:4:      layout_basic, uniq_duvessa
D:5:      layout_gridville, portal_sewer_entry_e, uniq_grinder
D:6:      layout_loops_corners, mainiacjoe_overflow_chevrons,
          lemuel_crystal_altar, minmay_temple_entry_poolview, serial_glass,
          glass_columns_a, glass_columns_a, uniq_sigmund
D:7:      layout_basic, serial_bayou, serial_bayou_lagoon_a,
          serial_bayou_pond_a, serial_bayou_ford_a, serial_bayou_pond_d,
          uniq_crazy_yiuf_cottage
D:8:      layout_rooms, mainiacjoe_overflow_24_doors,
          grunt_lair_entry_orc_guard_hut
D:9:      layout_cave_pools, nicolae_uskayaw_suspiria,
          hangedman_abyss_or_decor_slice, uniq_grum
D:10:     layout_irregular_city, demons_altar, evilmike_ruin_ashenzari,
          uniq_snorg
Temple:   lightli_temple_of_artemis
Lair:1:   layout_misc_corridors, uniq_urug, uniq_fannar

Skill      XL: |  1  2  3  4  5  6  7  8  9 10 11 |
---------------+----------------------------------+-----
Fighting       | 4 5 6 7 8 |  8.4
Axes           | 5 6 7 8 9 10 | 10.7
Throwing       | 1 2 3 5 6 7 |  7.0
Dodging        | 3 4 5 |  5.2
Fire Magic     | 1 3 4 6 |  6.6
Conjurations   | 1 2 3 5 6 |  6.3
Earth Magic    | 1 2 3 4 |  4.9
Spellcasting   | 1 2 3 4 |  4.0
Shields        | 1 2 |  2.0
Stealth        | 2 |  2.9

Action                   |  1- 3 |  4- 6 |  7- 9 | 10-12 || total
-------------------------+-------+-------+-------+-------++-------
Melee: Hand axe          |   109 |   102 |   154 |   282 ||   647
Throw: Stone             |    14 |       |       |    22 ||    36
       Boomerang         |     7 |    51 |   160 |   155 ||   373
Evoke: Wand              |       |       |       |     1 ||     1
  Use: Scroll            |     4 |     1 |     3 |     6 ||    14
       Potion            |       |     5 |     2 |     7 ||    14
 Stab: Sleeping          |     2 |       |     1 |     2 ||     5
Armor: Robe              |    14 |     6 |    15 |    20 ||    55
Dodge: Dodged            |    65 |    58 |    47 |   113 ||   283
Block: Buckler           |       |     1 |     9 |    48 ||    58
